 Dungeon Crawl Stone Soup version 0.22-a0-877-g5c4e1af (webtiles) character file.

30 jjfam the Skirmisher (level 3, -6/33 HPs)
             Began as a Minotaur Berserker on July 29, 2018.
             Was a Follower of Trog.
             Mangled by Natasha (9 damage)
             ... on level 2 of the Dungeon.
             The game lasted 00:02:44 (874 turns).

jjfam the Skirmisher (Minotaur Berserker)            Turns: 874, Time: 00:02:45

Health: -6/33      AC:  2    Str: 22    XL:     3   Next: 3%
Magic:  2/2        EV: 12    Int:  4    God:    Trog [*.....]
Gold:   25         SH:  0    Dex:  9    Spells: 2/2 levels left

rFire    . . .     SeeInvis .   a - +0 hand axe
rCold    . . .     Gourm    .   (no shield)
rNeg     . . .     Faith    .   b - +0 animal skin
rPois    .         Spirit   .   (helmet restricted)
rElec    .         Reflect  .   (no cloak)
rCorr    .         Harm     .   (no gloves)
MR       .....                  (no boots)
Stlth    +.........             h - amulet of inaccuracy (curse)
HPRegen  0.11/turn              (no ring)
MPRegen  0.08/turn              (no ring)

@: slowed, very slow
A: retaliatory headbutt, horns 2
a: Berserk, Renounce Religion


You were on level 2 of the Dungeon.
You worshipped Trog.
Trog was aware of your devotion.
You were not hungry.

You visited 1 branch of the dungeon, and saw 2 of its levels.

You collected 25 gold pieces.

Inventory:

Hand Weapons
 a - a +0 hand axe (weapon)
Armour
 b - a +0 animal skin (worn)
Jewellery
 h - a cursed amulet of inaccuracy (around neck)
 k - a +2 ring of strength {unknown}
Scrolls
 d - 6 scrolls of identify {unknown}
 e - a scroll of blinking {unknown}
 g - a scroll of enchant weapon {unknown}
 j - 2 scrolls of fear {unknown}
 l - a scroll of amnesia {unknown}
 m - a scroll of remove curse {unknown}
Potions
 i - 3 potions of mutation {unknown}
 n - a potion of ambrosia {unknown}
Comestibles
 c - 3 rations
 f - 2 chunks of flesh


   Skills:
 + Level 4.2 Fighting
 + Level 4.2 Axes
 + Level 2.9 Armour
 - Level 2.3 Dodging


You had 2 spell levels left.
You didn't know any spells.
Your spell library was empty.

Dungeon Overview and Level Annotations

Branches:
Dungeon (2/15)

Altars:
Nemelex Xobeh

Annotations:
D:2 Natasha


Innate Abilities, Weirdness & Mutations

You reflexively headbutt those who attack you in melee.
You have a pair of horns on your head.


Message History

Natasha stares at you and mumbles some strange words.
You feel yourself slow down.
You miss Natasha.
Natasha is heavily wounded.
Natasha wildly gestures.
Natasha glows brightly for a moment.
Natasha claws you!
* * * LOW HITPOINT WARNING * * *
Natasha claws you.
* * * LOW HITPOINT WARNING * * *
You are too injured to fight recklessly!
Unknown command.
You are too injured to fight recklessly!
You are too injured to fight recklessly!
You are too injured to fight recklessly!
You are too injured to fight recklessly!
You miss Natasha.
Natasha is heavily wounded.
Natasha completely misses you. Natasha claws you!
You die...

........... ......#.#
#.... ......#.# #....
......#.### ##[####....
.(........ ...........
.........######+#....รท<.
.........#......<.......
......w..#...........#..
#h@.'..(........#..
#...#...........#..
######..........##.
###........##. #....)...#
. #........# #........#
#........# #####........#


You could see Natasha and a dart slug.

Vanquished Creatures
  An ooze (D:1)
  4 leopard geckos (D:1)
  2 ball pythons (D:1)
  A giant cockroach (D:1)
  A goblin (D:2)
  3 hobgoblins
  4 bats
  A frilled lizard (D:1)
  2 kobolds (D:1)
  2 rats (D:2)
21 creatures vanquished.

Notes
Turn   | Place    | Note
-------+----------+-------------------------------------------
     0 | D:1      | jjfam the Minotaur Berserker began the quest for the Orb.
     0 | D:1      | Reached XP level 1. HP: 19/19 MP: 0/0
   193 | D:1      | Reached XP level 2. HP: 21/27 MP: 1/1
   350 | D:1      | Found a sparkling altar of Nemelex Xobeh.
   785 | D:2      | Reached XP level 3. HP: 33/33 MP: 2/2
   795 | D:2      | Found a sparkling altar of Nemelex Xobeh.
   866 | D:2      | Noticed Natasha
   874 | D:2      | Mangled by Natasha

Vault maps used:
D:1:      minmay_arrival_wavy_path, minmay_liquid_box, serial_bayou_pond_a,
          nemelex_xobeh_ov_fountains_minmay
D:2:      lemuel_crystal_altar, trog_book, uniq_natasha

Skill      XL: |  1  2 |
---------------+-------+-----
Fighting       | 4 |  4.2
Axes           | 4 |  4.2
Armour         | |  2.9
Dodging        | |  2.3

Action                   || total
-------------------------++-------
Melee: Hand axe          ||    44
       Headbutt          ||     5
Armor: Animal skin       ||     9
Dodge: Dodged            ||    22

Table legend:
 A = Spawn XP
 B = Non-spawn XP
 C = Spawn XP percentage of total XP
 D = Spawn monster count
 E = Non-spawn monster count
 F = Spawn count percentage of total count
 G = Total turns spent on level
                    A         B        C        D         E        F      G
               +---------+---------+-------+---------+---------+-------+---------
         Total |       0 |      43 |   0.0 |       0 |      21 |   0.0 |   874
               +---------+---------+-------+---------+---------+-------+---------
           D:1 |       0 |      36 |   0.0 |       0 |      16 |   0.0 |   662
           D:2 |       0 |       7 |   0.0 |       0 |       5 |   0.0 |   212
               +---------+---------+-------+---------+---------+-------+---------
